 Dungeon Crawl Stone Soup version 0.30-a0-591-g3c58d2bc28 (webtiles) character file.

Game seed: 9226248248687517798

221 cforsyth the Digger (level 5, -13/28 HPs)
             Began as a Gargoyle Earth Elementalist on Jan 5, 2023.
             Killed by divine providence
             ... invoked by an orc priest
              (16 damage)
             ... on level 4 of the Dungeon.
             The game lasted 00:04:20 (2915 turns).

cforsyth the Digger (Gargoyle Earth Elementalist)   Turns: 2915, Time: 00:04:21

Health: -13/28     AC: 10    Str: 12    XL:     5   Next: 98%
Magic:  10/11      EV: 11    Int: 23    God:
Gold:   187        SH:  0    Dex: 16    Spells: 11/12 levels left

rFire   + . .      SeeInvis .    (no weapon)
rCold   . . .      Faith    .    (no shield)
rNeg    + . .      Spirit   .    p - +2 leather armour {rPois}
rPois   ∞          Reflect  .    (no helmet)
rElec   +          Harm     .    (no cloak)
rCorr   .          Rampage  .    (no gloves)
Will    .....                    o - +0 pair of boots
Stlth   ++                       (no amulet)
HPRegen 0.24/turn                g - +6 ring of intelligence
MPRegen 0.12/turn                j - ring of Kindness {rF+ Dex+6}

@: no status effects
A: sickness immunity, AC +4, negative energy resistance 1, electricity
resistance, torment resistance 1, petrification resistance
a: no special abilities


You were on level 4 of the Dungeon.
You visited 1 branch of the dungeon, and saw 4 of its levels.

You collected 187 gold pieces.

Inventory:

Armour
 o - a +0 pair of boots (worn)
 p - a +2 leather armour of poison resistance (worn)
 s - the +7 chain mail "Jaunioc" {rElec}
   (You found it on level 4 of the Dungeon)

   rElec:     It insulates you from electricity.
Jewellery
 g - a +6 ring of intelligence (left hand)
 j - the ring of Kindness (right hand) {rF+ Dex+6}
   (You found it on level 2 of the Dungeon)

   [ring of dexterity]

   Dex:       It affects your dexterity (+6).
   rF:        It protects you from fire.
 n - a ring of fire
Scrolls
 c - 4 scrolls of identify {unknown}
 d - 3 scrolls of teleportation {unknown}
 f - a scroll of blinking {unknown}
 h - a scroll of butterflies {unknown}
 l - a scroll of magic mapping {unknown}
 m - 2 scrolls of noise {unknown}
 q - a scroll of fog {unknown}
 r - a scroll of vulnerability {unknown}
Potions
 a - a potion of haste {unknown}
 b - a potion of magic
 e - 4 potions of might {unknown}
 i - 3 potions of flight {unknown}
 k - 2 potions of berserk rage {unknown}


   Skills:
 + Level 1.5 Armour
 - Level 1.5 Dodging
 - Level 2.1 Stealth
 + Level 4.0 Spellcasting
 - Level 0.7 Transmutations
 + Level 5.8 Earth Magic


You had 11 spell levels left.
You knew the following spells:

 Your Spells              Type           Power      Damage    Failure   Level
a - Sandblast             Erth           62%        2d14      1%          1

Your spell library contained the following spells:

 Spells                   Type           Power      Damage    Failure   Level
 Passwall                 Tmut/Erth      15%        N/A       5%          2
 Stone Arrow              Conj/Erth      36%        3d9       12%         3
 Blink                    Tloc           8%         N/A       21%         2
 Petrify                  Tmut/Erth      19%        N/A       34%         4
 Gell's Gravitas          Tloc           4%         N/A       36%         3
 Lesser Beckoning         Tloc           8%         N/A       36%         3
 Teleport Other           Tloc           4%         N/A       36%         3
 Manifold Assault         Tloc           4%         N/A       78%         4
 Storm Form               Tmut/Air       3%         N/A       100%        7


Dungeon Overview and Level Annotations

Branches:
Dungeon (4/15)
 Temple: D:4-7

Altars:
Makhleb

Shops:
D:4 *


Innate Abilities, Weirdness & Mutations

You are immune to sickness and miasma.
Your stone body is resilient. (AC +4)
You are immune to poison.
You resist negative energy. (rN+)
You are resistant to electric shocks. (rElec)
You are resistant to unholy torment.
You are immune to petrification.


Message History

Your Spellcasting skill increases to level 4!
You can't see any susceptible monsters within range! (Use Z to cast anyway.)
You can't see any susceptible monsters within range! (Use Z to cast anyway.)
You can't see any susceptible monsters within range! (Use Z to cast anyway.)
You can't see any susceptible monsters within range! (Use Z to cast anyway.)
Found an escape hatch in the ceiling.
Found 4 boomerangs of dispersal.
You now have 187 gold pieces (gained 11).
You see here 4 boomerangs of dispersal.
You see here a +0 whip.
Found a leather armour.
Found a helmet and 5 stones.
An orc priest comes into view. It is wielding a +0 dagger.
An orc priest is nearby!
An orc priest is nearby!
An orc priest is nearby!
Unknown command.
What are your orders? t - Shout!
Orders for allies: a - Attack new target. r - Retreat! s - Stop attacking. g - Guard the area. f - Follow me.
Anything else - Cancel.
You shout for attention!
You hear a shout! x2; The orc priest shouts!
You hear a shout!
An orc priest comes into view. It is wielding a +0 whip.
An orc comes into view. It is wielding a +0 dagger. x2
There is an escape hatch in the ceiling here.
The blast of sand hits the orc priest.
The orc priest is heavily wounded.
The orc priest calls down the wrath of Beogh upon you.
Beogh smites you!
The orc priest invokes the aid of Beogh against you.
Beogh smites you!
* * * LOW HITPOINT WARNING * * *
Unknown command.
The orc priest invokes the aid of Beogh against you.
Beogh smites you!
Ouch! That really hurt!
You die...

#..# ###.#####
#..######...# ##
#..##.....### ##.
#.....##### ###..
##..### ####...#
####.#######....###
#........#...####
#.....o..o.###
#.@...o..#.#
#......[.#..#
#........##..#
#........# #'#
#........# oo
#...(....# [o.
########## o..


You could see 2 orc priests and an orc.

Vanquished Creatures
  A phantom (D:4)
  7 adders
  A worm (D:2)
  A dart slug (D:2)
  An orc (D:3)
  6 bats
  8 endoplasms
  4 giant cockroaches
  3 goblins
  6 hobgoblins
  7 jackals
  4 quokkas
  8 ball pythons
  2 frilled lizards
  9 kobolds
  4 rats
72 creatures vanquished.

Notes
Turn   | Place    | Note
-------+----------+-------------------------------------------
     0 | D:1      | cforsyth the Gargoyle Earth Elementalist began the quest
                  | for the Orb.
     0 | D:1      | Reached XP level 1. HP: 10/10 MP: 3/3
   268 | D:1      | Reached XP level 2. HP: 15/15 MP: 3/5
   269 | D:1      | Reached skill level 4 in Earth Magic
   337 | D:1      | Found a faded altar of an unknown god.
   614 | D:1      | Reached XP level 3. HP: 19/19 MP: 4/6
  1395 | D:2      | Reached XP level 4. HP: 24/24 MP: 6/8
  1525 | D:2      | Identified the ring of Kindness {rF+ Dex+6}
  1561 | D:2      | Found a burning altar of Makhleb.
  1569 | D:2      | Reached skill level 5 in Earth Magic
  2170 | D:3      | Reached XP level 5. HP: 28/28 MP: 7/10
  2658 | D:4      | Found Geujoema's General Store.
  2677 | D:4      | Identified the +7 chain mail "Jaunioc" {rElec}
  2795 | D:4      | Noticed a phantom
  2798 | D:4      | Killed a phantom
  2799 | D:4      | Reached skill level 1 in Armour
  2915 | D:4      | Killed from afar by an orc priest

Illustrated notes

Levels and vault maps discovered:
D:1:      dpeg_arrival_long_road, layout_loops_ring,
          hellmonk_ecumenical_altar_lost_god
D:2:      layout_loops_ring, basic_altar
D:3:      layout_rooms
D:4:      layout_rooms, serial_shops, nicolae_shop_waterfront,
          nicolae_nh_ransacked_shop

Skill      XL: |  1  2  3  4  5 |
---------------+----------------+-----
Earth Magic    | 4 5 |  5.8
Spellcasting   | 3 4 |  4.0
Armour         | 1 |  1.5
Dodging        | |  1.5
Stealth        | |  2.1
Transmutations | |  0.7

Action                   |  1- 3 |  4- 6 || total
-------------------------+-------+-------++-------
Melee: Unarmed           |     1 |       ||     1
 Cast: Sandblast         |    53 |    48 ||   101
Armor: Robe              |     7 |     5 ||    12
       Leather armour    |       |     3 ||     3
Dodge: Dodged            |    21 |    16 ||    37

Table legend: (Time is in decaauts)
 A = Elapsed time spent in this place.
 B = Non-inter-level travel time spent in this place.
 C = Inter-level travel time spent in this place.
 D = Time resting spent in this place.
 E = Time spent auto-exploring this place.
 F = Levels seen in this place.
 G = Mean time per level.
                   A        B        C        D        E       F      G
               +--------+--------+--------+--------+--------+-----+--------+
         Total |   2963 |   2879 |     84 |      0 |   2411 |   4 |  740.8 |
       Dungeon |   2963 |   2879 |     84 |      0 |   2411 |   4 |  740.8 |
               +--------+--------+--------+--------+--------+-----+--------+

Top non-repeatable levels by time:
     D:1: 1079 daAuts
     D:2: 921 daAuts
     D:3: 575 daAuts
     D:4: 387 daAuts
